AoeStats
← sT_K'cifer!

Arabia

510243161Analyzed
1v1 RM · 1d ago on Sep 30, 2026· 32m 18s· 2 players
Game mode
Random Map
Map size
Tiny (2 player)
Population
200
Speed
Normal
Resources
Standard
Victory
Conquest
Starting age
Dark Age
Ending age
Imperial Age
RankedLock teamsTeams togetherTeam positionsShared explorationLock speedFull tech treeHidden civsTurbo modeCheats
Victory
Defeat
🇨🇴 Franks · Colombia
1312
+18
🇲🇾 Chinese · Malaysia
1364
-18
sT_K'cifer!
6:46 Loom
9:26 Feudal Age
10:09 Double-Bit Axe
15:51 Scale Barding Armor
21:53 Castle Age
20:08 Gold Mining
21:14 Forging
22:01 Stone Mining
23:33 Iron Casting
PAXSON
0:26 Loom
8:53 Feudal Age
9:30 Double-Bit Axe
10:55 Horse Collar
22:24 Castle Age
21:04 Gold Mining
24:30 Scale Mail Armor
25:18 Heavy Plow
27:11 Squires
29:49 Fletching
31:28 Chain Mail Armor
Connection lost

Rejoining the realm…

Still unreachable

The connection could not be restored.

Session expired

The server has moved on; the page needs a fresh start.